Map: Frozen Temple

Players

Miszu

  • Race: Terran Terran
  • League: Master

BigNoob - Winner!

  • Race: Protoss Protoss
  • League: Master

VOD

Have the link to the VOD?

Description

Time

  • Played on: June 26, 2016, 7:21 a.m.
  • Length: 3:50
Show
View Real Time Build Order
Export as new Build Order

Miszu Terran 

Build Orders:  

Get SALT Encoding   

  12  0:00  SCV  
  13  0:12  SCV  
  14  0:18  Supply Depot  
  14  0:25  SCV  
  15  0:41  Barracks  
  15  0:52  Barracks  
  15  1:05  Barracks  
  15  1:29  Marine, Barracks  
  16  1:40  Marine  
  16  1:41  Supply Depot  
  17  1:47  Marine  
  17  1:52  Marine  
  19  1:57  Marine  
  20  2:05  Marine  
  21  2:10  Marine  
  21  2:15  Marine  
  22  2:18  Marine  
  24  2:23  Marine  
  24  2:28  Marine  
  26  2:33  Marine  
  26  2:36  Marine  
  26  2:42  Marine  
  23  2:45  Marine  
  23  2:51  Marine  
  23  2:53  Marine  
  25  3:00  Marine  
  25  3:03  Marine  
  27  3:09  Marine  
  27  3:11  Marine  
Show
View Real Time Build Order
Export as new Build Order

BigNoob Protoss - Winner!

Build Orders:  

Get SALT Encoding   

  12  0:00  Probe (Chrono Boost)  
  13  0:11  Probe (Chrono Boost)  
  14  0:19  Pylon  
  14  0:22  Probe (Chrono Boost)  
  15  0:37  Probe (Chrono Boost)  
  15  0:38  Gateway  
  16  0:48  Probe (Chrono Boost)  
  17  0:51  Assimilator  
  17  1:00  Gateway  
  17  1:06  Probe (Chrono Boost)  
  18  1:17  Probe (Chrono Boost)  
  19  1:25  Cybernetics Core  
  19  1:27  Probe (Chrono Boost)  
  20  1:37  Pylon  
  20  1:38  Probe (Chrono Boost)  
  21  1:48  Probe (Chrono Boost)  
  21  1:50  Assimilator  
  22  1:59  Probe (Chrono Boost)  
  23  2:02  Stalker  
  23  2:04  Stalker  
  27  2:15  Probe (Chrono Boost)  
  23  2:47  Stalker  
  25  2:54  Stalker  
  27  3:11  Pylon  
  27  3:22  Mothership Core (Chrono Boost)  
Tags
 
Add a new tag
Caveats
  • Supply blocks, unpowered buildings, or Contaminate may cause inaccurate times.
  • Supply counts are checked every 10 seconds.